Map: [ESL] Waterfall

Players

trigger

  • Race: Protoss Protoss
  • Spawn Location: 1:00

DnS - Winner!

  • Race: Protoss Protoss
  • Spawn Location: 7:00

Event: DreamHack SC2 Masters 2022 Valencia

VOD

Have the link to the VOD?

Description

Time

  • Played on: July 1, 2022, 11:56 a.m.
  • Length: 9:52

All games in this series

Show
View Real Time Build Order
Export as new Build Order

trigger Protoss 

Build Orders: Phoenix Opening, Mass Phoenix 

Get SALT Encoding   

  12  0:00  Probe  
  13  0:12  Probe  
  14  0:17  Pylon  
  14  0:24  Probe (Chrono Boost)  
  15  0:37  Probe (Chrono Boost)  
  15  0:38  Gateway  
  16  0:45  Probe (Chrono Boost)  
  16  0:46  Assimilator  
  17  0:51  Probe  
  18  1:03  Probe (Chrono Boost)  
  19  1:05  Assimilator  
  19  1:07  Pylon  
  19  1:15  Probe (Chrono Boost)  
  20  1:21  Probe (Chrono Boost)  
  21  1:26  Cybernetics Core  
  21  1:30  Probe  
  22  1:33  Zealot  
  24  1:42  Probe  
  25  1:54  Probe  
  26  2:03  Stargate  
  26  2:06  Probe  
  26  2:08  Stalker  
  29  2:32  Nexus  
  30  2:50  Phoenix (Chrono Boost), Pylon, Probe  
  31  3:08  Probe  
  31  3:09  Phoenix (Chrono Boost)  
  34  3:20  Probe  
  33  3:32  Probe  
  34  3:38  Phoenix (Chrono Boost)  
  36  3:43  Stargate  
  36  3:44  Probe, Assimilator  
  37  3:50  Probe  
  37  3:56  Probe  
  37  4:00  Phoenix (Chrono Boost)  
  41  4:02  Probe  
  41  4:08  Probe  
  42  4:14  Probe  
  42  4:17  Phoenix (Chrono Boost)  
  43  4:20  Probe  
  43  4:22  Pylon  
  46  4:29  Phoenix (Chrono Boost)  
  46  4:30  Probe  
  49  4:33  Probe  
  50  4:45  Probe  
  45  4:51  Probe  
  45  4:52  Phoenix (Chrono Boost)  
  42  4:54  Shield Battery  
  42  4:58  Phoenix (Chrono Boost)  
  44  5:03  Shield Battery  
  44  5:04  Probe  
  45  5:07  Probe  
  45  5:09  Phoenix  
  48  5:16  Probe, Assimilator  
  48  5:17  Phoenix  
  48  5:20  Probe  
  52  5:33  Probe  
  52  5:34  Phoenix  
  52  5:35  Probe  
  56  5:45  Probe  
  56  5:47  Phoenix (Chrono Boost)  
  55  5:59  Phoenix (Chrono Boost)  
  55  6:03  Nexus  
  57  6:07  Pylon  
  59  6:14  Probe x2  
  59  6:16  Phoenix (Chrono Boost)  
  61  6:20  Stargate  
  61  6:24  Phoenix  
  63  6:26  Probe  
  63  6:30  Probe  
  65  6:35  Phoenix  
  65  6:38  Probe  
  68  6:40  Pylon  
  68  6:53  Pylon  
  68  6:54  Phoenix (Chrono Boost)  
  70  6:58  Probe  
  70  7:00  Phoenix (Chrono Boost)  
  73  7:04  Phoenix (Chrono Boost)  
  75  7:08  Probe  
  75  7:10  Probe  
  79  7:17  Phoenix (Chrono Boost)  
  79  7:19  Phoenix (Chrono Boost)  
  79  7:20  Probe  
  79  7:22  Phoenix (Chrono Boost)  
  82  7:26  Probe x2  
  82  7:27  Shield Battery  
  86  7:31  Assimilator  
  86  7:32  Probe, Assimilator  
  87  7:38  Probe x2  
  87  7:40  Pylon  
  87  7:41  Phoenix (Chrono Boost)  
  87  7:42  Phoenix (Chrono Boost)  
  93  7:45  Probe  
  93  7:46  Pylon  
  93  7:51  Phoenix  
  90  8:04  Phoenix  
  90  8:05  Probe x2  
  90  8:07  Shield Battery  
  90  8:09  Phoenix  
  90  8:10  Shield Battery  
  91  8:13  Probe  
  91  8:16  Phoenix (Chrono Boost)  
  91  8:17  Probe x2  
  85  8:29  Phoenix (Chrono Boost)  
  85  8:32  Probe  
  78  8:34  Phoenix (Chrono Boost)  
  78  8:39  Phoenix (Chrono Boost)  
  80  8:48  Phoenix (Chrono Boost)  
  80  8:51  Phoenix (Chrono Boost)  
  80  8:52  Nexus  
  80  9:01  Phoenix (Chrono Boost)  
  78  9:04  Probe x3  
  81  9:14  Phoenix (Chrono Boost)  
  81  9:16  Probe  
  84  9:19  Probe x2  
  84  9:20  Phoenix (Chrono Boost)  
  88  9:26  Phoenix (Chrono Boost)  
  88  9:28  Probe  
  90  9:32  Assimilator  
  90  9:34  Probe x2  
Show
View Real Time Build Order
Export as new Build Order

DnS Protoss - Winner!

Build Orders: Phoenix Opening, Mass Phoenix 

Get SALT Encoding   

  12  0:00  Probe  
  13  0:12  Probe  
  14  0:18  Pylon  
  14  0:24  Probe (Chrono Boost)  
  15  0:37  Probe (Chrono Boost)  
  15  0:38  Gateway  
  16  0:45  Probe (Chrono Boost)  
  16  0:47  Assimilator  
  17  0:52  Probe (Chrono Boost)  
  17  0:56  Assimilator  
  18  1:04  Probe (Chrono Boost)  
  19  1:06  Pylon  
  19  1:13  Probe (Chrono Boost)  
  19  1:18  Probe  
  21  1:26  Cybernetics Core  
  21  1:30  Probe  
  22  1:40  Zealot  
  22  1:42  Probe  
  25  1:54  Probe  
  26  2:11  Stalker  
  26  2:12  Probe, Stargate  
  29  2:27  Probe  
  30  2:39  Nexus  
  30  2:46  Pylon  
  30  2:55  Probe  
  31  3:03  Phoenix (Chrono Boost)  
  32  3:07  Probe  
  33  3:18  Assimilator  
  33  3:19  Probe  
  34  3:20  Phoenix (Chrono Boost)  
  36  3:34  Probe, Stargate  
  36  3:41  Phoenix (Chrono Boost)  
  39  3:52  Probe (Chrono Boost)  
  39  3:57  Probe (Chrono Boost)  
  42  4:03  Probe (Chrono Boost)  
  42  4:06  Probe (Chrono Boost)  
  42  4:07  Probe (Chrono Boost), Phoenix (Chrono Boost)  
  44  4:16  Probe, Phoenix (Chrono Boost)  
  45  4:18  Probe  
  48  4:24  Pylon  
  48  4:28  Probe  
  48  4:30  Phoenix (Chrono Boost)  
  48  4:31  Probe  
  52  4:40  Probe  
  52  4:43  Probe  
  50  4:52  Phoenix (Chrono Boost)  
  52  4:54  Probe  
  52  4:55  Probe  
  52  4:56  Phoenix (Chrono Boost)  
  52  4:57  Assimilator  
  54  5:02  Pylon  
  54  5:06  Probe  
  55  5:09  Probe  
  58  5:14  Phoenix (Chrono Boost)  
  58  5:17  Phoenix (Chrono Boost)  
  58  5:18  Probe  
  61  5:21  Probe  
  62  5:28  Pylon  
  62  5:32  Phoenix (Chrono Boost)  
  62  5:38  Phoenix  
  64  5:43  Nexus  
  64  5:47  Probe  
  65  5:54  Phoenix (Chrono Boost)  
  67  6:05  Probe x2  
  67  6:10  Phoenix (Chrono Boost)  
  69  6:12  Pylon  
  69  6:13  Phoenix (Chrono Boost)  
  69  6:16  Assimilator  
  69  6:17  Probe, Fleet Beacon  
  72  6:20  Probe  
  73  6:29  Phoenix  
  73  6:30  Probe  
  73  6:32  Probe  
  77  6:36  Assimilator  
  77  6:37  Pylon  
  77  6:39  Phoenix  
  79  6:42  Probe  
  79  6:44  Probe  
  81  6:54  Phoenix, Probe  
  82  6:56  Probe  
  82  6:57  Probe  
  82  6:59  Anion Pulse-Crystals (Chrono Boost)  
  86  7:06  Probe  
  87  7:08  Phoenix, Probe  
  87  7:09  Probe  
  87  7:12  Shield Battery  
  91  7:18  Probe  
  91  7:19  Phoenix  
  91  7:20  Probe  
  91  7:21  Probe  
  96  7:24  Stargate  
  96  7:30  Probe  
  96  7:32  Pylon  
  96  7:33  Probe  
  96  7:34  Stargate  
  96  7:36  Phoenix  
  100  7:43  Pylon, Probe  
  101  7:44  Phoenix  
  101  7:46  Probe  
  101  7:50  Pylon  
  100  8:00  Probe x2  
  100  8:01  Phoenix (Chrono Boost), Probe  
  103  8:07  Nexus  
  103  8:08  Phoenix (Chrono Boost)  
  103  8:09  Phoenix (Chrono Boost)  
  109  8:21  Probe  
  109  8:22  Pylon  
  109  8:23  Phoenix (Chrono Boost)  
  109  8:24  Phoenix (Chrono Boost)  
  109  8:26  Phoenix (Chrono Boost)  
  104  8:30  Phoenix (Chrono Boost)  
  100  8:41  Phoenix  
  102  8:43  Probe x2, Assimilator  
  102  8:45  Phoenix, Assimilator  
  102  8:46  Forge  
  106  8:53  Phoenix  
  108  9:01  Phoenix  
  110  9:06  Phoenix  
  112  9:10  Phoenix  
  112  9:16  Probe x3  
  117  9:20  Phoenix  
  117  9:22  Photon Cannon  
  119  9:24  Photon Cannon  
  119  9:26  Phoenix  
  119  9:27  Photon Cannon  

Tags
 
Add a new tag
Caveats
  • Supply blocks, unpowered buildings, or Contaminate may cause inaccurate times.
  • Supply counts are checked every 10 seconds.